 Dungeon Crawl Stone Soup version 0.16.0-12-g7215832 (webtiles) character file.

42 kae the Firebug (level 3, 0/19 HPs)
             Began as a Tengu Fire Elementalist on Mar 18, 2015.
             Succumbed to an adder's poison
             ... on level 2 of the Dungeon.
             The game lasted 00:02:12 (1009 turns).

kae the Firebug (Tengu Fire Elementalist)           Turns: 1009, Time: 00:02:12

Health: 0/19       AC:  3    Str:  6    XL:     3   Next: 56%
Magic:  6/6        EV: 12    Int: 16    God:
Gold:   23         SH:  0    Dex: 14    Spells: 1 memorised, 6 levels left

rFire  . . .     SeeInvis .     f - +0 dagger (venom)
rCold  . . .     Clarity  .     a - +0 robe
rNeg   . . .     SustAb   .     (no shield)
rPois  .         Gourm    .     (helmet restricted)
rElec  .         Spirit   .     (no cloak)
rCorr  .         Warding  .     h - +0 pair of gloves
rMut   .         Stasis   .     (boots unavailable)
MR     .....                    (no amulet)
Stlth  ++........               (no ring)
                                (no ring)

@: lethally poisoned (0 -> -13), not resistant to hostile enchantments,
unstealthy
A: beak, talons 3, low mp 1, weak 1, MP-powered wands 1
a: no special abilities


You were on level 2 of the Dungeon.
You were not hungry.

You visited 1 branch of the dungeon, and saw 2 of its levels.

You collected 23 gold pieces.

Inventory:

Hand weapons
 f - a +0 dagger of venom (weapon)
Armour
 a - a +0 robe (worn)
 h - a +0 pair of gloves (worn)
Magical devices
 e - a wand of confusion (0)
Scrolls
 d - 2 scrolls of identify {unknown}
 g - 2 scrolls of teleportation {unknown}
 k - 2 scrolls of amnesia {unknown}
Potions
 j - a potion of experience {unknown}
 l - a potion of poison {unknown}
Books
 b - a book of Flames

   Spells                             Type                      Level
   a - Flame Tongue                   Conjuration/Fire             1
   b - Throw Flame                    Conjuration/Fire             2
   c - Conjure Flame                  Conjuration/Fire             3
   d - Inner Flame                    Hexes/Fire                   3
   e - Sticky Flame                   Conjuration/Fire             4
   f - Fireball                       Conjuration/Fire             5
Comestibles
 c - a bread ration


   Skills:
 - Level 2.1 Dodging
 - Level 2.0 Stealth
 + Level 2.5 Spellcasting
 * Level 2.4 Conjurations
 * Level 4.1 Fire Magic


You had 6 spell levels left.
You knew the following spells:

 Your Spells              Type           Power        Failure   Level  Hunger
a - Flame Tongue          Conj/Fire      ##...        8%          1    #......


Dungeon Overview and Level Annotations

Branches:
Dungeon (2/15)

Altars:


Innate Abilities, Weirdness & Mutations

You have a beak for a mouth.
You have claws for feet.
Your magical capacity is low (-10% MP).
You are weak. (Str -2)
You expend magic power (3 MP) to slightly strengthen your wands.


Message History

The adder is heavily wounded.
The adder bites you but does no damage. The adder bites you.
You miss the adder. Your kick misses the adder.
The adder is severely wounded.
You kill the adder!
The adder barely misses you. The quokka bites you.
You barely miss the adder. Your kick misses the adder. The adder bites you.
You are poisoned.
The adder poisons you! The quokka barely misses you.
The adder barely misses you. The adder bites you.
You are more poisoned.
The adder poisons you!
You barely miss the adder. Your peck misses the adder.
* * * LOW HITPOINT WARNING * * *
You feel sick. The quokka misses you. The adder bites you.
* * * LOW HITPOINT WARNING * * *
The adder bites you.
* * * LOW HITPOINT WARNING * * *
Unknown command.
You die...

#.# #. #.# ## #+# #.# #
#...# #.# ##### #.....##
#.### #.... #.......##
#.#.## #.###
.........###....#####.###
.........'.............(.
#......r.@####...#####.###
#.....S.## ##.## #.# #
##....S## #.# #.### #[....
#.# #.... #.#+#. #.# #####
.. #. #.# # #. #.# # ..
..# ### .. ### #..


You could see 2 adders and a quokka.

Vanquished Creatures
  Terence (D:2)
  An adder (D:2)
  A ball python (D:2)
  A giant cockroach (D:2)
  3 goblins
  3 hobgoblins
  3 kobolds (D:1)
  3 bats (D:1)
  A giant newt (D:1)
  7 rats
24 creatures vanquished.

Notes
Turn   | Place    | Note
--------------------------------------------------------------
     0 | D:1      | kae, the Tengu Fire Elementalist, began the quest for the Orb.
     0 | D:1      | Reached XP level 1. HP: 10/10 MP: 3/3
   362 | D:1      | Reached XP level 2. HP: 13/15 MP: 5/5
   824 | D:2      | Noticed Terence
   845 | D:2      | Gained mutation: You expend magic power (3 MP) to slightly strengthen your wands. [potion of mutation]
   845 | D:2      | Gained mutation: Your magical capacity is low (-10% MP). [potion of mutation]
   845 | D:2      | Gained mutation: You are weak. (Str -2) [potion of mutation]
   877 | D:2      | Killed Terence
   877 | D:2      | Reached skill level 4 in Fire Magic
   877 | D:2      | Reached XP level 3. HP: 13/19 MP: 6/6
  1009 | D:2      | Succumbed to an adder's poison

Action                   || total
-------------------------++-------
Melee: Unarmed           ||     5
       Dagger            ||    34
 Cast: Flame Tongue      ||     9
  Use: Potion            ||     3
 Stab: Sleeping          ||     3
